 Dungeon Crawl Stone Soup version 0.30.1-3-gfc49f6343a (webtiles) character file.

Game seed: 8455896643972691189

235651 Zeor the Warrior (level 18, -31/180 HPs)
             Began as a Grey Draconian Hunter on July 26, 2023.
             Was the Champion of the Shining One.
             Killed from afar by a quicksilver dragon (35 damage)
             ... with a bolt of dispelling energy
             ... on level 4 of the Snake Pit on July 27, 2023.
             The game lasted 02:21:10 (34783 turns).

Zeor the Warrior (Grey Draconian Hunter)           Turns: 34783, Time: 02:21:10

Health: -31/180    AC: 19    Str: 14    XL:     18   Next: 91%
Magic:  27/29      EV: 21    Int: 11    God:    the Shining One [******]
Gold:   146        SH: 12    Dex: 27    Spells: 15/17 levels left

rFire   . . .        b - +5 great sword (heavy)
rCold   . . .        (shield currently unavailable)
rNeg    + + +        (body armour unavailable)
rPois   +            V - +0 hat
rElec   +            e - scarf "Imufer" {+Inv, rElec rN+ Will+}
rCorr   .            f - +1 pair of gloves
SInv    .            l - +1 pair of boots
Will    ++...        K - amulet of regeneration
Stlth   ++           u - ring of poison resistance
HPRegen 1.30/turn    D - +6 ring of dexterity
MPRegen 0.21/turn

%: no passive effects
@: divinely shielded, glowing
A: AC +15, amphibious, unfitting armour, cold-blooded
}: 1/15 runes: decaying
a: Renounce Religion, Evoke Invisibility, Divine Shield, Cleansing Flame, Summon
Divine Warrior, Brand Weapon With Holy Wrath


You were on level 4 of the Snake Pit.
You worshipped the Shining One.
The Shining One was exalted by your worship.
You visited 5 branches of the dungeon, and saw 30 of its levels.
You also visited: Bailey.

You collected 3080 gold pieces.
You spent 2934 gold pieces at shops.

Inventory:

Hand Weapons
 a - the +8 longbow "Guma" {speed, rF+}
   (You bought it in a shop on level 10 of the Dungeon)

   rF:        It protects you from fire.
 b - a +5 heavy great sword (weapon)
 d - a +2 longbow of freezing
 B - the +3 Elemental Staff {rElec rF+ rC+ AC+3}
   (You acquired it on level 4 of the Dungeon)

   It enhances your fire, ice, earth and air magic.
   AC:        It affects your AC (+3).
   rF:        It protects you from fire.
   rC:        It protects you from cold.
   rElec:     It insulates you from electricity.
 G - the +4 war axe of the New World {freeze, Fly rElec Will+ Int-4}
   (You found it on level 13 of the Dungeon)

   Int:       It affects your intelligence (-4).
   rElec:     It insulates you from electricity.
   Fly:       It grants you flight.
   Will:      It increases your willpower.
 O - the +3 hand axe of Morchama {flame, *Noise rF++ Int+5}
   (You found it on level 4 of the Swamp)

   Int:       It affects your intelligence (+5).
   rF:        It greatly protects you from fire.
   *Noise:    It may make noises in combat.
Missiles
 w - 11 curare-tipped darts (quivered)
 E - 2 throwing nets
Armour
 c - a scarf of resistance
 e - the scarf "Imufer" (worn) {+Inv, rElec rN+ Will+}
   (You acquired it on level 8 of the Dungeon)

   rElec:     It insulates you from electricity.
   rN:        It protects you from negative energy.
   Will:      It increases your willpower.
 f - a +1 pair of gloves (worn)
 l - a +1 pair of boots (worn)
 V - a +0 hat (worn)
 W - a scarf of repulsion
Jewellery
 g - a ring of resist corrosion
 k - a ring of willpower
 p - a ring of see invisible
 q - a ring of wizardry
 u - a ring of poison resistance (left hand)
 x - a ring of protection from fire
 D - a +6 ring of dexterity (right hand)
 K - an amulet of regeneration (around neck)
 N - the ring of Prescription {Wiz Will+}
   (You found it on level 3 of the Lair of Beasts)

   [ring of wizardry]

   It improves your spell success rate.
   Will:      It increases your willpower.
Wands
 v - a wand of polymorph (12)
 y - a wand of charming (27)
 z - a wand of digging (13)
 I - a wand of iceblast (19)
 P - a wand of acid (10)
 S - a wand of mindburst (2)
 Y - a wand of flame (55)
Scrolls
 h - 4 scrolls of immolation
 i - 2 scrolls of fear
 m - 6 scrolls of teleportation
 n - 2 scrolls of poison
 o - a scroll of summoning
 r - a scroll of brand weapon
 F - 4 scrolls of enchant weapon
 H - 3 scrolls of fog
 M - 18 scrolls of identify
 R - 3 scrolls of magic mapping
 U - 6 scrolls of enchant armour
 X - a scroll of silence
Potions
 j - 2 potions of cancellation
 s - 3 potions of resistance
 t - 3 potions of magic
 A - 4 potions of flight
 C - 11 potions of ambrosia
 L - 16 potions of curing
 Q - 9 potions of heal wounds
 T - 3 potions of haste
 Z - 5 potions of might
Miscellaneous
 J - a lightning rod (4/4)


   Skills:
 + Level 20.7 Fighting
 + Level 19.4 Long Blades
 + Level 2.1 Axes
 - Level 5.0 Staves
 + Level 18.2 Ranged Weapons
 + Level 9.3 Dodging
 + Level 4.1 Stealth
 + Level 3.3 Shields
 * Level 14.8 Invocations
 + Level 5.6 Evocations


You had 15 spell levels left.
You knew the following spells:

 Your Spells              Type           Power      Damage    Failure   Level
a - Blink                 Tloc           0%         N/A       47%         2

Your spell library contained the following spells:

 Spells                   Type           Power      Damage    Failure   Level
 Kiss of Death            Conj/Necr      0%         2d5       34%         1
 Sandblast                Erth           0%         2d4       34%         1
 Lesser Beckoning         Tloc           0%         N/A       47%         2
 Momentum Strike          Conj/Tloc      0%         3d8       47%         2
 Passwall                 Tmut/Erth      0%         N/A       47%         2
 Sublimation of Blood     Necr           0%         N/A       47%         2
 Wereblood                Tmut           0%         N/A       47%         2
 Confusing Touch          Hex            0%         N/A       71%         3
 Dazzling Flash           Conj/Hex       0%         N/A       71%         3
 Gell's Gravitas          Tloc           0%         N/A       71%         3
 Ozocubu's Armour         Ice            0%         N/A       71%         3
 Portal Projectile        Hex/Tloc       0%         N/A       71%         3
 Stone Arrow              Conj/Erth      0%         3d7       71%         3
 Teleport Other           Tloc           0%         N/A       71%         3
 Tukima's Dance           Hex            0%         N/A       71%         3
 Vhi's Electric Charge    Tloc/Air       0%         N/A       71%         3
 Volatile Blastmotes      Fire/Tloc      0%         2d10      71%         3
 Dispel Undead            Necr           0%         3d6       98%         4
 Iskenderun's Mystic Bla  Conj/Tloc      0%         2d3       98%         4
 Leda's Liquefaction      Hex/Erth       0%         N/A       98%         4
 Arcjolt                  Conj/Air       0%         1d10      100%        5
 Blade Hands              Tmut           0%         N/A       100%        5
 Lee's Rapid Deconstruct  Erth           0%         3d4*      100%        5
 Metabolic Englaciation   Hex/Ice        0%         N/A       100%        5
 Conjure Ball Lightning   Conj/Air       0%         3x3d6     100%        6
 Plasma Beam              Fire/Air       0%         2x1d11    100%        6
 Simulacrum               Ice/Necr       0%         N/A       100%        6
 Starburst                Conj/Fire      0%         6d3       100%        6
 Statue Form              Tmut/Erth      0%         N/A       100%        6
 Summon Hydra             Summ           0%         N/A       100%        7
 Discord                  Hex            0%         N/A       100%        8
 Disjunction              Tloc           0%         N/A       100%        8


Dungeon Overview and Level Annotations

Branches:
Dungeon (15/15)            Temple (0/1) D:6            Lair (5/5) D:8
  Swamp (4/4) Lair:2        Snake (4/4) Lair:2        Slime (0/5) Lair:5
    Orc (2/2) D:9             Elf (0/3) Orc:2        Vaults (0/5) D:14
 Depths (0/4) D:15         Bailey (visited)

Altars:
Dithmenos
Elyvilon
Hepliaklqana
Okawaru
Xom
Yredelemnul
The Shining One
Jiyva

Shops:
D:10 [(   D:11 ([[   D:13 :   D:15 **!(   Orc:2 [(*[=   Snake:2 (
Snake:4 [(*(:(

Annotations:
D:4 3 runed translucent doors, safid's ghost, novice MfIE
Lair:2 1 runed translucent door, Rupert


Innate Abilities, Weirdness & Mutations

Your dull iron-grey scales are very hard. (AC +15)
You are amphibious.
You cannot fit into any form of body armour.
You are cold-blooded and may be slowed by cold attacks.


Message History

The quicksilver dragon completely misses you. x2
The quicksilver dragon breathes dispelling energy at you.
The bolt of dispelling energy hits you.
* * * LOW HITPOINT WARNING * * *
The nagaraja barely misses you.
As you read the scroll of teleportation, it crumbles to dust.
You feel strangely unstable.
You feel sick.
You are no longer poisoned.
The quicksilver dragon breathes dispelling energy at you.
The bolt of dispelling energy misses you.
You block the quicksilver dragon's attack. x2
The nagaraja hits you but does no damage.
The quicksilver dragon bites you but does no damage.
The quicksilver dragon misses you.
You block the quicksilver dragon's attack.
The quicksilver dragon closely misses you.
The quicksilver dragon breathes dispelling energy at you.
The bolt of dispelling energy hits you!
You feel strangely stable.
* * * LOW HITPOINT WARNING * * *
You hit the quicksilver dragon.
You tail-slap the quicksilver dragon, but do no damage.
The quicksilver dragon is lightly wounded.
The quicksilver dragon breathes dispelling energy at you.
The bolt of dispelling energy misses you.
The quicksilver dragon completely misses you. x2
The quicksilver dragon breathes dispelling energy at you.
The bolt of dispelling energy hits you!
* * * LOW HITPOINT WARNING * * *
The quicksilver dragon attacks as you move away!
The quicksilver dragon bites you but does no damage.
The quicksilver dragon claws you!
* * * LOW HITPOINT WARNING * * *
The quicksilver dragon attacks as you move away!
You block the quicksilver dragon's attack.
The quicksilver dragon claws you! The Shining One protects you from harm!
The quicksilver dragon breathes dispelling energy at you.
The bolt of dispelling energy hits you!!
You die...

▒▒▒▒▒∙∙▒∙∙∙∙∙▒▒∙∙▒
∙▒∙∙▒∙∙▒▒∙∙∙▒▒∙^∙▒
∙∙∙∙∙∙∙∙▒▒'▒▒∙∙∙▒▒
∙∙∙∙▒▒∙∙∙∙∙∙▒▒∙▒▒▒▒
∙▒▒▒ ▒▒∙∙∙∙∙∙'▒▒∙∙▒▒▒
▒▒ ▒▒▒▒▒▒▒▒▒∙∙▒∙∙∙N∙▒
∙▒▒▒∙∙▒▒▒∙∙▒▒∙8∙∙▒∙∙∙8▒
∙∙▒∙∙))▒∙∙)∙▒∙∙D▒▒
∙∙∙∙▒
∙∙'∙∙8∙'∙∙8∙'∙∙∙d▒ ▒∙φ▒
∙∙▒∙∙∙∙▒∙∙∙∙▒∙∙∙▒▒ ∙▒
∙▒▒▒∙)▒▒▒∙∙▒▒∙8∙∙▒ ▒ ▒▒
▒▒▒▒ ▒▒▒▒∙∙▒∙∙∙∙∙ ∙▒
∙∙∙'▒▒∙∙▒▒


∙∙∙∙ ∙∙∙▒▒∙ ▒▒▒ ∙∙∙∙∙∙ ▒'▒ ∙ ∙▒∙∙▒∙ ∙∙ ∙ ▒▒▒▒▒ You could see a quicksilver
dragon (catching breath).

Vanquished Creatures
  Mara (Swamp:3)
  Vashnia (Snake:4)
  A tentacled monstrosity (Swamp:4)
  Mlioglotl (Swamp:1)
  Asterion (Snake:1)
  The ghost of cdecastro the Brawler, an adept TrFi of Jiyva (Snake:4)
  Kirke (Snake:1)
  A thorn hunter (Swamp:3)
  Frances (Swamp:2)
  Agnes (D:15)
  Roxanne (D:15)
  2 fenstrider witches
  A nagaraja (Snake:4)
  Aizul (Snake:4)
  The ghost of tatocazan the Carver, a journeyman MiFi of Okawaru (Orc:1)
  2 orc warlords
  The ghost of Gipsust the Eclecticist, an adept DECj of Hepliaklqana (D:15)
  2 eleionomae (Swamp:3)
  The ghost of Huasawuy the Grappler, a journeyman TrHW of Okawaru (Lair:3)
  The ghost of Deed the Peltast, a journeyman MiFi of Wu Jian (Lair:3)
  The ghost of jsudlow the Grappler, a journeyman TrBe of Trog (Lair:3)
  The ghost of tal the Spear-Bearer, a journeyman MiFi of Okawaru (Lair:3)
  2 ettins
  A shambling mangrove (Swamp:2)
  A merfolk javelineer (Orc:1)
  2 yaktaur captains (D:14)
  Harold (D:9)
  A salamander tyrant (Snake:4)
  27 hydras
  A rakshasa (D:15)
  A vault guard (D:14)
  Erolcha (D:13)
  7 anacondas
  An ice dragon (D:14)
  A death knight (D:15)
  5 catoblepae
  2 ghost crabs
  8 centaur warriors
  5 death yaks (Lair:5)
  9 alligators
  3 two-headed ogres
  6 boulder beetles
  5 tengu warriors
  9 naga warriors
  6 orc high priests (Orc:2)
  A deep elf knight (Orc:1)
  13 naga sharpshooters
  13 shock serpents
  Sonja (D:10)
  A salamander mystic (Snake:4)
  2 sea snakes (Snake:1)
  4 goliath frogs
  4 skeletal warriors
  13 swamp dragons
  A sea snake (shapeshifter) (D:15)
  10 spriggan druids
  12 bog bodies
  3 naga ritualists
  A glowing orange brain (D:15)
  A harpy (shapeshifter) (D:15)
  30 ugly things
  3 will-o-the-wisps
  2 deep elf pyromancers
  5 orc knights
  2 wolf spiders (Lair:1)
  A necromancer (D:15)
  9 mana vipers
  4 orc sorcerers
  4 cyclopes
  3 manticores
  17 salamanders
  6 elephants
  Maurice (Orc:2)
  4 guardian serpents
  19 naga magi
  A guardian serpent (shapeshifter) (D:15)
  29 black mambas
  2 gargoyles
  A rust devil (D:6)
  The ghost of croobank the Covert, a novice FeDe of Gozag (D:8)
  12 cane toads
  2 unseen horrors
  2 freezing wraiths
  An efreet (D:15)
  Maggie (D:6)
  2 rime drakes
  A tengu conjurer (D:12)
  8 trolls
  12 komodo dragons
  A bloated husk (Swamp:2)
  12 hornets
  A queen bee (Lair:3)
  5 polar bears
  2 queen bees (shapeshifter) (D:14)
  6 tyrant leeches
  Prince Ribbit (D:6)
  18 blink frogs
  A dream sheep (Lair:5)
  Sigmund (D:5)
  12 slime creatures
  2 water elementals (D:15)
  2 vampires
  A yak (shapeshifter) (D:14)
  22 spriggans
  5 wyverns
  Eustachio (D:4)
  2 wraiths (D:15)
  An unseen horror simulacrum (D:8)
  A human (Lair:2)
  6 basilisks
  3 hogs (Snake:1)
  3 steam dragons
  56 yaks
  17 vampire mosquitoes
  48 nagas
  Edmund (D:4)
  5 wargs
  14 swamp worms
  Duvessa (D:4)
  An acid dragon (D:10)
  18 water moccasins
  An ice beast (D:6)
  2 sky beasts
  2 black bears
  34 orc warriors
  10 ogres
  12 swamp drakes
  4 boggarts
  8 wolves
  10 centaurs
  A phantom (D:6)
  A kobold brigand (D:7)
  17 bullfrogs
  4 necrophages (Lair:4)
  2 scorpions (D:7)
  18 wights
  A wyvern skeleton (D:8)
  Dowan (D:4)
  32 killer bees
  2 howler monkeys
  9 electric eels
  2 jellies
  A centaur skeleton (D:8)
  2 hounds
  15 orc priests
  2 gnoll boudas
  A sleepcap (D:6)
  22 orc wizards
  Natasha (thrice) (D:2)
  5 iguanas
  A centaur simulacrum (D:8)
  A mummy (D:4)
  12 gnolls
  16 adders
  2 white imps
  2 ufetubi (D:4)
  2 worms
  3 dart slugs
  68 orcs
  2 endoplasms
  2 giant cockroaches
  10 goblins
  13 hobgoblins
  9 jackals
  3 quokkas
  7 ball pythons
  3 bats
  4 frilled lizards
  2 hobgoblin zombies (D:4)
  22 kobolds
  2 orc zombies (D:4)
  7 rats
1082 creatures vanquished.

Vanquished Creatures (others)
  4 humans (Snake:1)
  A centaur zombie (D:8)
  An orc (Orc:1)
  13 foxfires
19 creatures vanquished.

Grand Total: 1101 creatures vanquished

Notes
Turn   | Place    | Note
-------+----------+-------------------------------------------
     0 | D:1      | Zeor the Draconian Hunter began the quest for the Orb.
     0 | D:1      | Reached XP level 1. HP: 17/17 MP: 1/1
   256 | D:1      | Reached XP level 2. HP: 21/24 MP: 2/2
   786 | D:1      | Reached XP level 3. HP: 30/30 MP: 3/3
  1123 | D:2      | Found a faded altar of an unknown god.
  1265 | D:2      | Noticed Natasha
  1272 | D:2      | Killed Natasha
  1273 | D:2      | Reached skill level 5 in Ranged Weapons
  1273 | D:2      | Reached XP level 4. HP: 21/37 MP: 4/4
  1657 | D:2      | Noticed Natasha
  1665 | D:2      | Killed Natasha
  1699 | D:2      | Noticed Natasha
  1706 | D:2      | Killed Natasha
  1707 | D:2      | Reached XP level 5. HP: 39/44 MP: 5/5
  2120 | D:3      | Reached skill level 3 in Fighting
  2536 | D:3      | Found a shimmering altar of Xom.
  2545 | D:3      | Found a white marble altar of Elyvilon.
  2710 | D:4      | Noticed Duvessa
  2711 | D:4      | Noticed Dowan
  2749 | D:4      | Killed Duvessa
  2750 | D:4      | Reached skill level 1 in Long Blades
  2750 | D:4      | Reached skill level 1 in Stealth
  2750 | D:4      | Reached XP level 6. HP: 16/51 MP: 6/6
  2755 | D:4      | Killed Dowan
  2825 | D:4      | Noticed Edmund
  2870 | D:4      | Killed Edmund
  3063 | D:4      | Identified a scroll of acquirement
  3063 | D:4      | Acquired the +3 Elemental Staff {rElec rF+ rC+ AC+3}
  3063 | D:4      | Found the +3 Elemental Staff {rElec rF+ rC+ AC+3}
  3199 | D:4      | Noticed Eustachio
  3248 | D:4      | Killed Eustachio
  3249 | D:4      | Your scales start taking on a dull iron-grey colour.
  3249 | D:4      | Reached XP level 7. HP: 43/57 MP: 7/7
  3672 | D:4      | Found a runed translucent gate.
  3673 | D:4      | Found a runed translucent gate.
  3673 | D:4      | Found a runed translucent gate.
  3674 | D:4      | Noticed safid's ghost (novice MfIE)
  4132 | D:5      | Entered Level 5 of the Dungeon
  4303 | D:5      | Reached skill level 1 in Staves
  4367 | D:5      | Reached skill level 1 in Evocations
  4452 | D:5      | Found a glowing golden altar of the Shining One.
  4486 | D:5      | Became a worshipper of the Shining One
  4538 | D:5      | Noticed Sigmund
  4556 | D:5      | Reached XP level 8. HP: 50/66 MP: 8/8
  4579 | D:5      | Killed Sigmund
  4580 | D:5      | Reached skill level 4 in Fighting
  5228 | D:5      | Noticed a hornet
  5317 | D:6      | Noticed Prince Ribbit
  5324 | D:6      | Killed Prince Ribbit
  5427 | D:6      | Reached * piety under the Shining One
  5481 | D:6      | Reached skill level 5 in Fighting
  5585 | D:6      | Reached XP level 9. HP: 74/74 MP: 9/9
  5963 | D:6      | Noticed Maggie
  5981 | D:6      | Killed Maggie
  6137 | D:6      | Noticed a rust devil
  6165 | D:6      | Found a staircase to the Ecumenical Temple.
  6229 | D:6      | Noticed an angel
  6423 | D:6      | Killed a rust devil
  6424 | D:6      | Reached skill level 6 in Fighting
  6644 | D:7      | Reached skill level 5 in Evocations
  6802 | D:7      | Reached XP level 10. HP: 75/84 MP: 8/10
  6852 | D:7      | Reached skill level 10 in Ranged Weapons
  6888 | D:7      | Noticed a cyclops
  7006 | D:7      | Killed a cyclops
  7007 | D:7      | Reached skill level 7 in Fighting
  7362 | D:7      | Reached ** piety under the Shining One
  7463 | D:7      | Learned a level 2 spell: Blink
  7817 | D:7      | Reached skill level 5 in Staves
  7856 | D:7      | Reached skill level 1 in Invocations
  8061 | D:8      | Found a staircase to the Lair.
  8268 | D:8      | Found a runed translucent gate.
  8268 | D:8      | Found a runed translucent gate.
  8268 | D:8      | Found a runed translucent gate.
  8271 | D:8      | Noticed croobank's ghost (novice FeDe)
  8308 | D:8      | Found a flagged portal.
  8349 | Bailey   | Entered a bailey
  8530 | Bailey   | Noticed an orc warlord
  8561 | Bailey   | Reached skill level 8 in Fighting
  8626 | Bailey   | Noticed an orc knight
  8646 | Bailey   | Killed an orc knight
  8703 | Bailey   | Found a runed translucent gate.
  8704 | Bailey   | Found a runed translucent gate.
  8717 | Bailey   | Found a runed translucent gate.
  8724 | Bailey   | Noticed an orc knight
  8740 | Bailey   | Killed an orc knight
  8741 | Bailey   | Reached skill level 5 in Long Blades
  8988 | Bailey   | Killed an orc warlord
  8989 | Bailey   | Reached XP level 11. HP: 57/95 MP: 9/13
  9105 | Bailey   | Identified the +3 halberd of the Eternal Warrior {venom,
                  | Contam Dex+4}
  9129 | D:8      | Acquired the scarf "Imufer" {+Inv, rElec rN+ Will+}
  9136 | D:8      | Acquired a manual of Fighting
  9376 | D:8      | Identified the ring of Psychosis {rN+ Int+3}
  9574 | D:8      | Killed croobank's ghost
  9832 | D:9      | Noticed a tengu warrior
  9849 | D:9      | Killed a tengu warrior
  9850 | D:9      | Reached skill level 9 in Fighting
  9972 | D:9      | Found the +18 Lear's hauberk
 10005 | D:9      | Noticed a two-headed ogre
 10010 | D:9      | Killed a two-headed ogre
 10277 | D:9      | Reached *** piety under the Shining One
 10360 | D:9      | Reached skill level 1 in Shields
 10377 | D:9      | Noticed Harold
 10391 | D:9      | Killed Harold
 10725 | D:9      | Found a staircase to the Orcish Mines.
 10922 | Lair:1   | Entered Level 1 of the Lair of Beasts
 10926 | Lair:1   | Noticed a five-headed hydra
 10942 | Lair:1   | Killed a one-headed hydra
 10943 | Lair:1   | Reached skill level 10 in Fighting
 11061 | Lair:1   | Identified the +1 leather armour of Vanity {Harm rN+ Str+3
                  | Dex+7}
 11278 | Lair:1   | Noticed a wolf spider
 11288 | Lair:1   | Killed a wolf spider
 11289 | Lair:1   | Reached skill level 5 in Dodging
 11289 | Lair:1   | Reached skill level 5 in Invocations
 11354 | Lair:1   | Noticed a wolf spider
 11670 | Lair:2   | Reached XP level 12. HP: 105/107 MP: 16/16
 11943 | Lair:2   | Reached skill level 10 in Long Blades
 12092 | Lair:2   | Noticed a four-headed hydra
 12103 | Lair:2   | Killed a one-headed hydra
 12411 | Lair:2   | Found a staircase to the Snake Pit.
 12442 | Lair:2   | Noticed a four-headed hydra
 12455 | Lair:2   | Killed a one-headed hydra
 12456 | Lair:2   | Reached skill level 11 in Fighting
 12457 | Lair:2   | Reached skill level 1 in Axes
 12457 | Lair:2   | HP: 1/110 [naga/+0 trident (10)]
 12794 | Lair:1   | Reached skill level 12 in Fighting
 12794 | Lair:1   | Reached XP level 13. HP: 119/119 MP: 18/18
 13288 | Lair:1   | Identified the +7 flail of Conscience {spect, *Rage +Blink
                  | Dex+3}
 13771 | Lair:2   | Found a staircase to the Swamp.
 13970 | Lair:2   | Found a runed translucent door.
 13975 | Lair:2   | Noticed Rupert
 14133 | Lair:3   | Reached skill level 13 in Fighting
 14186 | Lair:3   | Found a runed translucent gate.
 14187 | Lair:3   | Found a runed translucent gate.
 14188 | Lair:3   | Noticed tal's ghost (journeyman MiFi)
 14189 | Lair:3   | Found a runed translucent gate.
 14189 | Lair:3   | Noticed Deed's ghost (journeyman MiFi)
 14189 | Lair:3   | Noticed Huasawuy's ghost (journeyman TrHW)
 14189 | Lair:3   | Noticed jsudlow's ghost (journeyman TrBe)
 14785 | Lair:3   | Reached skill level 14 in Fighting
 14785 | Lair:3   | Reached XP level 14. HP: 127/132 MP: 20/20
 15502 | Lair:3   | Killed Deed's ghost
 15548 | Lair:3   | Killed jsudlow's ghost
 15635 | Lair:3   | Killed tal's ghost
 15657 | Lair:3   | Killed Huasawuy's ghost
 15717 | Lair:3   | Identified the ring of Prescription {Wiz Will+}
 16011 | Lair:4   | Reached skill level 15 in Fighting
 16600 | Lair:4   | Reached **** piety under the Shining One
 17047 | Lair:5   | Entered Level 5 of the Lair of Beasts
 17171 | Lair:5   | Reached skill level 15 in Long Blades
 17368 | Lair:5   | Found a staircase to the Slime Pits.
 17369 | Lair:5   | Found a viscous altar of Jiyva.
 17919 | Lair:5   | Reached skill level 16 in Fighting
 18740 | D:10     | Entered Level 10 of the Dungeon
 18918 | D:10     | Found Meecoan's Antique Armour Shop.
 19181 | D:10     | Noticed Sonja
 19184 | D:10     | Killed Sonja
 19368 | D:10     | Found Qexugydo's Antique Weapon Emporium.
 19373 | D:10     | Bought a steaming longbow for 379 gold pieces
 19373 | D:10     | Identified the +8 longbow "Guma" {speed, rF+} (You bought
                  | it in a shop on level 10 of the Dungeon)
 19373 | D:10     | Bought a glowing long sword for 214 gold pieces
 19444 | Orc:1    | Entered Level 1 of the Orcish Mines
 19455 | Orc:1    | Reached XP level 15. HP: 146/146 MP: 22/22
 19480 | Orc:1    | Reached skill level 10 in Invocations
 19562 | Orc:1    | Found a runed translucent gate.
 19562 | Orc:1    | Found a runed translucent gate.
 19562 | Orc:1    | Found a runed translucent gate.
 19563 | Orc:1    | Noticed tatocazan's ghost (journeyman MiFi)
 19577 | Orc:1    | Reached skill level 17 in Fighting
 19838 | Orc:1    | Found an iron altar of Okawaru.
 19882 | Orc:1    | Killed tatocazan's ghost
 20120 | Orc:1    | Identified the +4 battleaxe of Guilt {heavy, rPois rC++}
 20181 | Orc:2    | Entered Level 2 of the Orcish Mines
 20181 | Orc:2    | Found Sukhlux's General Store.
 20350 | Orc:2    | Reached ***** piety under the Shining One
 20652 | Orc:2    | Bought a potion of heal wounds for 70 gold pieces
 20652 | Orc:2    | Bought a potion of heal wounds for 70 gold pieces
 20796 | Orc:2    | Noticed Maurice
 20815 | Orc:2    | Killed Maurice
 20859 | Orc:2    | Found Itwi's Antique Weapon Shoppe.
 20881 | Orc:2    | Bought a transparent long sword for 195 gold pieces
 20881 | Orc:2    | Identified the +6 long sword of a volcano {drain, MP+9
                  | Int+3} (You bought it in a shop on level 2 of the Orcish
                  | Mines)
 20888 | Orc:2    | Bought a crude shortbow for 184 gold pieces
 20888 | Orc:2    | Identified the +3 shortbow "Spiderslayer" {drain, Str+3}
                  | (You bought it in a shop on level 2 of the Orcish Mines)
 20891 | Orc:2    | Bought a sapphire shortbow for 184 gold pieces
 20891 | Orc:2    | Identified the +5 shortbow of a Gauntlet {drain, Int+3
                  | Dex+2} (You bought it in a shop on level 2 of the Orcish
                  | Mines)
 20916 | Orc:2    | Found Ehic's Antique Armour Emporium.
 21055 | Orc:2    | Found Exafel's Jewellery Emporium.
 21063 | Orc:2    | Bought a ring of see invisible for 225 gold pieces
 21065 | Orc:2    | Found a staircase to the Elven Halls.
 21121 | Orc:2    | Found Akloenk's Armour Boutique.
 21834 | D:11     | Identified the +6 broad axe of Blind Justice {drain, *Rage
                  | +Blink Str-5 Stlth+}
 21914 | D:11     | Found Jisk's Armour Shoppe.
 21922 | D:11     | Bought a +0 hat for 48 gold pieces
 22124 | D:11     | Found Nuijut's Antique Weapon Shoppe.
 22162 | D:11     | Found Zous's Armour Shop.
 22597 | D:12     | Identified the +6 trident "Osuluihe" {vamp, rF+ rCorr
                  | Str+4}
 22659 | D:12     | You fall into a shaft and drop 1 floor!
 23272 | D:13     | Found Archoo Moto's Book Shop.
 23444 | D:13     | Noticed Erolcha
 23450 | D:13     | Killed Erolcha
 23499 | D:13     | Identified the +4 war axe of the New World {freeze, Fly
                  | rElec Will+ Int-4}
 23706 | D:13     | Identified the +0 hand axe "Moashrym" {freeze, rF+ Will+}
 24076 | D:14     | Reached ****** piety under the Shining One
 24313 | D:14     | Reached skill level 18 in Fighting
 24431 | D:14     | Found a shadowy altar of Dithmenos.
 24491 | D:14     | Reached XP level 16. HP: 135/157 MP: 24/24
 24859 | D:14     | Found a gate to the Vaults.
 24878 | D:14     | Identified the +1 dagger "Xicit" {holy, rCorr Str+2 Int+6}
 25055 | D:15     | Entered Level 15 of the Dungeon
 25076 | D:15     | Found Weocenia's Assorted Antiques.
 25083 | D:15     | Bought a marble ring for 180 gold pieces
 25083 | D:15     | Bought a potion of heal wounds for 180 gold pieces
 25083 | D:15     | Bought a potion of curing for 108 gold pieces
 25099 | D:15     | Found a runed translucent door.
 25103 | D:15     | Noticed Gipsust's ghost (adept DECj)
 25255 | D:15     | Found Ywkanad's Assorted Antiques.
 25282 | D:15     | Found Duus's Distillery.
 25297 | D:15     | Bought a potion of heal wounds for 90 gold pieces
 25297 | D:15     | Bought a potion of heal wounds for 90 gold pieces
 25297 | D:15     | Bought a potion of heal wounds for 90 gold pieces
 25297 | D:15     | Bought a potion of might for 72 gold pieces
 25324 | D:15     | Reached skill level 15 in Ranged Weapons
 25397 | D:15     | Found Zyavuar's Antique Weapon Emporium.
 25486 | D:15     | Found a staircase to the Depths.
 25535 | D:15     | Noticed Roxanne
 25543 | D:15     | Noticed Agnes
 25553 | D:15     | Killed Agnes
 25553 | D:15     | Found a basalt altar of Yredelemnul.
 25557 | D:15     | Killed Roxanne
 25969 | D:15     | Killed Gipsust's ghost
 26223 | Swamp:1  | Entered Level 1 of the Swamp
 26353 | Swamp:1  | Noticed Mlioglotl
 26362 | Swamp:1  | Killed Mlioglotl
 26681 | Swamp:2  | Noticed Frances
 26688 | Swamp:2  | Killed Frances
 27282 | Swamp:2  | Paralysed by a hornet for 2 turns
 27296 | Swamp:2  | Paralysed by a hornet for 2 turns
 27718 | Swamp:3  | Noticed Mara
 27724 | Swamp:3  | Noticed Zeor's illusion
 27725 | Swamp:3  | Killed Mara
 27726 | Swamp:3  | Reached skill level 19 in Fighting
 27726 | Swamp:3  | Reached XP level 17. HP: 168/168 MP: 26/26
 28615 | Swamp:4  | Entered Level 4 of the Swamp
 28892 | Swamp:4  | Identified the +3 hand axe of Morchama {flame, *Noise rF++
                  | Int+5}
 29503 | Swamp:4  | Noticed a tentacled monstrosity
 29508 | Swamp:4  | Killed a tentacled monstrosity
 29578 | Swamp:4  | Got a decaying rune of Zot
 29989 | Snake:1  | Entered Level 1 of the Snake Pit
 30045 | Snake:1  | Noticed Kirke
 30052 | Snake:1  | Killed Kirke
 30059 | Snake:1  | Noticed Asterion
 30239 | Snake:1  | Killed Asterion
 30716 | Snake:1  | Reached XP level 18. HP: 178/178 MP: 28/28
 30836 | Snake:1  | Reached skill level 20 in Fighting
 32138 | Snake:2  | You fall into a shaft and drop 1 floor!
 32380 | Snake:2  | Found Caet's Antique Weapon Shop.
 33708 | Snake:4  | Entered Level 4 of the Snake Pit
 33834 | Snake:4  | Found Kuorr's Antique Weapon Emporium.
 33842 | Snake:4  | Bought a runed longbow for 285 gold pieces
 33870 | Snake:4  | Noticed Vashnia
 33884 | Snake:4  | Killed Vashnia
 33907 | Snake:4  | Noticed Aizul
 33932 | Snake:4  | Killed Aizul
 34094 | Snake:4  | Found a runed translucent door.
 34094 | Snake:4  | Noticed cdecastro's ghost (adept TrFi)
 34118 | Snake:4  | Killed cdecastro's ghost
 34210 | Snake:4  | Found Zuboun's Book Boutique.
 34240 | Snake:4  | Found Besiam's Weapon Emporium.
 34246 | Snake:4  | Bought 2 throwing nets for 120 gold pieces
 34256 | Snake:4  | Found Jaciong's General Store.
 34279 | Snake:4  | Bought a potion of haste for 150 gold pieces
 34301 | Snake:4  | Found a hazy altar of Hepliaklqana.
 34342 | Snake:4  | Found Befukk's Antique Weapon Boutique.
 34420 | Snake:4  | Found Fiulloogg's Armour Emporium.
 34783 | Snake:4  | HP: 2/180 [quicksilver dragon (9)]
 34783 | Snake:4  | The Shining One protects you from harm!
 34783 | Snake:4  | Killed from afar by a quicksilver dragon

Illustrated notes

Levels and vault maps discovered:
D:1:      minmay_arrival_widening_spiral_wide, layout_loops_corners,
          nrook_loot_triangle
D:2:      layout_basic, hellmonk_ecumenical_altar_arch_garden,
          minmay_crystal_water, minmay_tripent, uniq_natasha
D:3:      minmay_bubble_buster, layout_basic, mainiacjoe_overflow_swirl,
          minmay_misc_feat_columns, grunt_ministairs_4,
          minmay_gold_behind_fungi, amcnicky_mini_rare_corridor_liquid
D:4:      layout_basic, ebering_ghost_rock_garden, minmay_mini_ossuary,
          uniq_eustachio, uniq_edmund, uniq_duvessa
D:5:      layout_basic, mainiacjoe_overflow_six_doors_small, uniq_sigmund
D:6:      dreamdust_elfheim, layout_loops_corners, temple_garden,
          uniq_prince_ribbit1, uniq_maggie
D:7:      kennysheep_windowed_halls, layout_basic, minmay_manual_mares
D:8:      layout_loops_ring, erik_lair_orcish_takeover, enter_bailey_2,
          gammafunk_ghost_necromancy
D:9:      layout_basic, orc_0_dummy, hellmonk_guarded_unrand_lears, uniq_harold
D:10:     layout_basic, serial_shops, shop, nicolae_shop_hallway_plus,
          minmay_lizard_king, uniq_sonja
D:11:     layout_long_grid, serial_shops, nicolae_shop_pleasant_corner_grove,
          shop, nicolae_shop_peninsula
D:12:     layout_long_grid
D:13:     layout_loops_ring, serial_shops, shop, uniq_erolcha
D:14:     layout_rooms, david_vaults_5, basic_altar, minivault_25_ag,
          hangedman_corner_corridor
D:15:     gammafunk_enter_depths_forms, layout_basic, yredelemnul_altar_generic,
          ebering_ghost_inner_flame, serial_shops, nicolae_diamond_shop,
          nicolae_shop_rolling_square, nicolae_shop_trees,
          nicolae_shop_overgrown_old_shop, uniq_roxanne, uniq_agnes
Lair:1:   minmay_lair_venomous_thicket, layout_regular_city, st_stairs_13,
          serial_bayou_pond_a
Lair:2:   layout_big_grid, palyth_hydra_swamp_entry,
          minmay_snake_entry_guardpost_medium, pdpol_lair_cabin_in_the_woods
Lair:3:   layout_cellular_growth, gammafunk_ghost_cemetery, special_room
          [special_room_bee], grunt_forest_large_clearings, uniq_rupert
Lair:4:   layout_layer_cave, st_stairs_13, roderic_carrion_pond,
          infiniplex_staircase_pool
Lair:5:   evilmike_catoblepas_cave, layout_regular_city, slime_entry_1,
          serial_bayou, serial_bayou_pond_b, serial_bayou_pond_b,
          serial_bayou_shore_b, serial_bayou_crossing, serial_bayou_shore_b,
          serial_bayou_lagoon_a
Swamp:1:  layout_falls_marsh, infiniplex_staircase_pool_2, uniq_mlioglotl
Swamp:2:  layout_basic_swamp, evilmike_swamp_ruin_rubble_1, swamp_pool3,
          nicolae_swamp_snake_nest, uniq_frances
Swamp:3:  layout_basic_swamp, nicolae_swamp_feature_on_the_river_bank,
          st_swamp_ruins_4, uniq_mara
Swamp:4:  grunt_swamp_rune_castle, layout_basic_swamp
Snake:1:  layout_basic, serial_bayou_lagoon_b, grunt_megastairs_5,
          uniq_asterion, uniq_kirke
Snake:2:  layout_misc_corridors, serial_shops, shop, grunt_megastairs_1
Snake:3:  layout_layer_cave, nicolae_snake_salamander_jacuzzi
Snake:4:  hellmonk_snake_rune_quicksilver_temple, layout_rooms, basic_altar,
          ebering_ghost_reflecting_pool, serial_shops, shop, shop, shop, shop,
          shop, minmay_shop_star, uniq_vashnia, uniq_aizul
Orc:1:    layout_caves, gammafunk_ghost_fury_of_okawaru
Orc:2:    grunt_orc_gardens, layout_diamond_mine, grunt_orc_garden,
          grunt_orc_garden, grunt_orc_garden, grunt_orc_garden, serial_shops,
          shop, uniq_maurice

Skill      XL: |  1  2  3  4  5  6  7  8  9 10 11 12 13 14 15 16 17 18 |
---------------+-------------------------------------------------------+-----
Ranged Weapons | 4 5 6 7 8 9 11 12 13 14 15 17 18 | 18.2
Fighting       | 3 5 6 8 10 12 14 16 18 19 20 | 20.7
Long Blades    | 1 2 5 9 12 13 16 18 19 | 19.4
Stealth        | 1 2 3 4 |  4.1
Dodging        | 2 3 4 5 6 7 8 9 |  9.3
Staves         | 1 3 4 5 |  5.0
Evocations     | 1 3 5 |  5.6
Invocations    | 3 5 7 8 9 11 12 13 14 | 14.8
Shields        | 1 2 3 |  3.3
Axes           | 1 2 |  2.1

Action                     |  1- 3 |  4- 6 |  7- 9 | 10-12 | 13-15 | 16-18 || total
---------------------------+-------+-------+-------+-------+-------+-------++-------
  Melee: Short sword       |       |    24 |       |       |       |       ||    24
         Tailslap          |       |    11 |    35 |    31 |    72 |    51 ||   200
         Staff             |       |    19 |   201 |    16 |       |       ||   236
         Punch             |       |       |     4 |       |     1 |       ||     5
         Great sword       |       |       |       |   133 |   356 |   241 ||   730
         War axe           |       |       |       |    14 |     5 |       ||    19
   Fire: Shortbow          |    69 |   167 |   190 |   349 |   496 |       ||  1271
         Longbow           |       |       |       |       |   447 |  1282 ||  1729
  Throw: Throwing net      |       |       |       |       |       |     1 ||     1
 Invoke: Divine Shield     |       |       |     1 |     8 |     4 |     6 ||    19
         Cleansing Flame   |       |       |       |     1 |     3 |     2 ||     6
  Evoke: Lightning rod     |       |       |       |     3 |       |       ||     3
         Wand              |       |       |       |     1 |       |     3 ||     4
    Use: Scroll            |       |     8 |     6 |    19 |    12 |     4 ||    49
         Potion            |       |     2 |     3 |     8 |     3 |     4 ||    20
 Armour: Skin              |     3 |    41 |   120 |   134 |   193 |   205 ||   696
  Dodge: Dodged            |    13 |    68 |   150 |   319 |   500 |   490 ||  1540
         Repelled          |       |       |       |       |     3 |     1 ||     4
  Block: Other             |       |       |     9 |    25 |    34 |    26 ||    94
